 Dungeon Crawl Stone Soup version 0.30.0-10-gfe55d96785 (webtiles) character file.

Game seed: 4840922234534425055

2308 GigaChad the Cleaver (level 9, 0/69 HPs)
             Began as a Formicid Fighter on May 16, 2023.
             Was a Follower of Ru.
             Slain by a gnoll
             ... wielding a +0 spear
             ... led by a gnoll sergeant
              (6 damage)
             ... on level 7 of the Dungeon.
             The game lasted 00:09:15 (6500 turns).

GigaChad the Cleaver (Formicid Fighter)             Turns: 6500, Time: 00:09:16

Health: 0/69       AC: 12    Str: 25    XL:     9   Next: 68%
Magic:  9/9        EV:  8    Int:  8    God:    Ru [*.....]
Gold:   373        SH:  8    Dex: 13    Spells: 8/8 levels left

rFire   . . .        a - +3 war axe (freeze)
rCold   . . .        c - +3 buckler
rNeg    . . .        t - +0 chain mail
rPois   .            (helmet unavailable)
rElec   .            g - +0 cloak
rCorr   .            (no gloves)
SInv    +            (no boots)
Will    .....        e - amulet of the acrobat Stlth
                     (no ring)
HPRegen 0.31/turn    (no ring)
MPRegen 0.11/turn

%: acrobat
@: lethally poisoned (0 -> -12), studying Armour
A: permanent stasis, dig shafts and tunnels, antennae 3, no earth magic, no
hexes magic, no translocations magic, four strong arms
a: Dig, Shaft Self, Renounce Religion


You were on level 7 of the Dungeon.
You worshipped Ru.
Ru was aware of your devotion.
You visited 1 branch of the dungeon, and saw 9 of its levels.

You collected 373 gold pieces.

Inventory:

Hand Weapons
 a - a +3 war axe of freezing (weapon)
Armour
 b - a +0 scale mail
 c - a +3 buckler (worn)
 g - a +0 cloak (worn)
 t - a +0 chain mail (worn)
Jewellery
 e - an amulet of the acrobat (around neck)
 h - a ring of protection from cold
 l - a ring of flight
 n - an amulet of the acrobat
Wands
 f - a wand of mindburst (10)
 q - a wand of digging (2)
 w - a wand of roots (9)
Scrolls
 k - 3 scrolls of identify
 s - a scroll of blinking {unknown}
 u - 2 scrolls of enchant weapon
 v - a scroll of poison {unknown}
Potions
 d - 5 potions of might
 i - 2 potions of curing
 j - 3 potions of heal wounds {unknown}
 m - a potion of brilliance {unknown}
 o - a potion of degeneration {unknown}
 p - a potion of ambrosia {unknown}
 r - 2 potions of magic {unknown}
 x - 2 potions of mutation {unknown}


   Skills:
 * Level 6.1 Fighting
 * Level 9.0 Axes
 * Level 8.2 Armour
 * Level 7.1 Shields


You had 8 spell levels left.
You didn't know any spells.
Your spell library contained the following spells:

 Spells                   Type           Power      Damage    Failure   Level
 Freeze                   Ice            0%         1d3       91%         1
 Magic Dart               Conj           0%         1d3       91%         1
 Sting                    Tmut/Pois      0%         1d3       91%         1
 Call Imp                 Summ           0%         N/A       97%         2
 Poisonous Vapours        Pois/Air       0%         N/A       97%         2
 Searing Ray              Conj           0%         2d4       97%         2
 Frozen Ramparts          Ice            0%         1d1       100%        3
 Hailstorm                Conj/Ice       0%         3d3       100%        3
 Mephitic Cloud           Conj/Pois/Air  0%         N/A       100%        3
 Olgreb's Toxic Radiance  Pois           0%         N/A       100%        4
 Summon Lightning Spire   Summ/Air       0%         N/A       100%        4
 Blade Hands              Tmut           0%         N/A       100%        5
 Storm Form               Tmut/Air       0%         N/A       100%        7
 Maxwell's Capacitive Co  Air            0%         ∞         100%        8
 Ensorcelled Hibernation  Hex/Ice        Unusable   N/A       N/A         2
 Passwall                 Tmut/Erth      Unusable   N/A       N/A         2
 Gell's Gravitas          Tloc           Unusable   N/A       N/A         3
 Portal Projectile        Hex/Tloc       Unusable   N/A       N/A         3
 Swiftness                Air            Unusable   N/A       N/A         3
 Teleport Other           Tloc           Unusable   N/A       N/A         3
 Tukima's Dance           Hex            Unusable   N/A       N/A         3
 Fulminant Prism          Conj/Hex       Unusable   3d5       N/A         4
 Dispersal                Tloc           Unusable   N/A       N/A         6

Dungeon Overview and Level Annotations

Branches:
Dungeon (9/15)             Temple (0/1) D:6
   Lair: D:8-11         Orc: D:9-12

Altars:
Gozag
Hepliaklqana
Okawaru
Ru
Wu Jian

Annotations:
D:3 1 runed translucent door, superbruh's ghost, weakling BaFi


Innate Abilities, Weirdness & Mutations

You cannot be hasted, slowed, berserked, paralysed or teleported.
You can dig through walls and to a lower floor.
You have a pair of large antennae on your head. (SInv)
You cannot study or cast Earth magic.
You cannot study or cast Hexes magic.
You cannot study or cast Translocations magic.
Your four strong arms can wield two-handed weapons with a shield.


Message History

You kill the gnoll!
You feel very sick.
The gnoll hits you from afar with a +0 spear.
The gnoll sergeant hits you with a +3 spear of venom!
You are more poisoned.
You are too injured to fight recklessly!
You are too injured to fight recklessly!
You are too injured to fight recklessly!
Unknown command.
You are too injured to fight recklessly!
Unknown command.
You closely miss the gnoll sergeant.
The gnoll sergeant is almost dead.
You feel very sick.
The gnoll sergeant hits you but does no damage.
The gnoll hits you from afar with a +0 spear.
* * * LOW HITPOINT WARNING * * *
You hit the gnoll sergeant. You freeze the gnoll sergeant.
The gnoll sergeant is almost dead.
You feel very sick.
The gnoll sergeant hits you but does no damage.
You are lethally poisoned!
The gnoll barely misses you.
It was a potion of curing.
You feel better. You block the gnoll's attack.
The gnoll sergeant barely misses you.
You barely miss the gnoll sergeant.
The gnoll sergeant is almost dead.
You block the gnoll's attack.
The gnoll sergeant hits you with a +3 spear of venom!
* * * LOW HITPOINT WARNING * * *
You are lethally poisoned!
The gnoll hits you but does no damage.
The gnoll sergeant hits you with a +3 spear of venom.
* * * LOW HITPOINT WARNING * * *
You hit the gnoll sergeant but do no damage.
The gnoll sergeant is almost dead.
* * * LOW HITPOINT WARNING * * *
You feel very sick.
The gnoll hits you from afar with a +0 spear.
You die...

.....## #.###..#
.......#####.....##
....##...#.....###### .
............##......##.#
....####.#..............
....# ##...####........#
....# #......##).....##
....###.####..#.)g..##
#........# ##.#(@.g.#
#........# #...)...#
#........# ##..........
#.....^..# ##....#....
#........# ####.# ...
#.......... ... ##
#.########## .... #..
....


You could see a gnoll sergeant and a gnoll.

Vanquished Creatures
  A troll (D:9)
  Sigmund (D:4)
  Duvessa (D:6)
  An ice beast (D:6)
  A sky beast (D:6)
  A centaur (D:6)
  2 ogres
  2 phantoms
  A scorpion (D:5)
  8 wights
  Dowan (D:6)
  3 hounds
  2 orc priests
  A jelly (D:4)
  A sleepcap (D:6)
  Natasha (thrice) (D:4)
  4 iguanas
  4 orc wizards
  5 adders
  7 gnolls
  A shadow imp (D:5)
  2 white imps (D:6)
  4 worms
  18 orcs
  8 ball pythons
  6 bats
  11 endoplasms
  5 giant cockroaches
  4 goblins
  6 hobgoblins
  11 jackals
  9 quokkas
  2 frilled lizards (D:1)
  7 kobolds
  2 rats (D:3)
146 creatures vanquished.

Notes
Turn   | Place    | Note
-------+----------+-------------------------------------------
     0 | D:1      | GigaChad the Formicid Fighter began the quest for the Orb.
     0 | D:1      | Reached XP level 1. HP: 18/18 MP: 1/1
   168 | D:1      | Reached XP level 2. HP: 23/24 MP: 2/2
   441 | D:1      | Reached XP level 3. HP: 29/29 MP: 3/3
   784 | D:2      | Reached XP level 4. HP: 28/37 MP: 4/4
  1017 | D:2      | Found a faded altar of an unknown god.
  1029 | D:2      | Prayed at the altar of an unknown god.
  1029 | D:2      | Became a worshipper of Ru the Awakened
  1174 | D:2      | Reached skill level 3 in Axes
  1185 | D:2      | Found a hazy altar of Hepliaklqana.
  1533 | D:3      | Reached XP level 5. HP: 20/42 MP: 5/5
  1721 | D:3      | Found a runed translucent door.
  1721 | D:3      | Noticed superbruh's ghost (weakling BaFi)
  2045 | D:3      | Reached skill level 4 in Axes
  2555 | D:4      | Noticed Sigmund
  2562 | D:4      | Killed Sigmund
  2563 | D:4      | Reached skill level 5 in Shields
  2563 | D:4      | Reached XP level 6. HP: 37/48 MP: 6/6
  2677 | D:4      | Reached XP level 7. HP: 22/55 MP: 7/7
  2678 | D:4      | Reached skill level 5 in Axes
  2888 | D:4      | Noticed Natasha
  2897 | D:4      | Killed Natasha
  2984 | D:4      | Reached skill level 5 in Armour
  3204 | D:4      | Noticed Natasha
  3210 | D:4      | Killed Natasha
  3375 | D:4      | Reached skill level 6 in Axes
  3428 | D:4      | Reached XP level 8. HP: 61/61 MP: 8/8
  3625 | D:4      | Noticed Natasha
  3638 | D:4      | Killed Natasha
  3639 | D:4      | Reached skill level 5 in Fighting
  3854 | D:4      | Gained mutation: You cannot study or cast Earth magic. [Ru
                  | sacrifice]
  3854 | D:4      | Gained mutation: You cannot study or cast Hexes magic. [Ru
                  | sacrifice]
  3854 | D:4      | Gained mutation: You cannot study or cast Translocations
                  | magic. [Ru sacrifice]
  3854 | D:4      | Reached * piety under Ru
  3928 | D:5      | Entered Level 5 of the Dungeon
  4219 | D:5      | Found a sacrificial altar of Ru.
  4219 | D:5      | Found an iron altar of Okawaru.
  4220 | D:5      | Found an opulent altar of Gozag.
  4494 | D:5      | Identified a scroll of acquirement
  4494 | D:5      | Acquired a manual of Armour
  4910 | D:6      | Noticed Dowan
  4911 | D:6      | Noticed Duvessa
  4916 | D:6      | Killed Duvessa
  4916 | D:6      | Killed Dowan
  4917 | D:6      | Reached skill level 7 in Axes
  5107 | D:6      | Reached XP level 9. HP: 68/68 MP: 9/9
  5306 | D:6      | Found an ornate altar of the Wu Jian Council.
  5312 | D:6      | Reached skill level 8 in Axes
  5403 | D:6      | You fall into a shaft and drop 3 floors!
  5780 | D:9      | Noticed a troll
  5791 | D:9      | Killed a troll
  6163 | D:6      | Found a staircase to the Ecumenical Temple.
  6332 | D:7      | Reached skill level 9 in Axes
  6500 | D:7      | Slain by a gnoll

Illustrated notes

Levels and vault maps discovered:
D:1:      scummos_arrival_hexagon, layout_loops_ring
D:2:      layout_loops_ring, basic_altar, ebering_ecumenical_altar_sacrificial
D:3:      minmay_wonky_spiral, layout_basic, gammafunk_ghost_grave,
          grunt_decor_mini_mirrors, minmay_quantized
D:4:      layout_gridville, uniq_natasha, uniq_sigmund
D:5:      layout_gridville, gammafunk_temple_overflow_claw
D:6:      layout_rooms, nicolae_wu_jian_wuxing_cycle,
          minmay_temple_entry_stoned_glass, uniq_duvessa
D:7:      layout_rooms, nicolae_tso_besieged_by_evil, enter_bailey_3
D:8:      layout_loops_corners, hangedman_decor_diamond_cutter,
          minmay_misc_feat_square, minmay_starry_boxes
D:9:      layout_long_grid, makhleb_altar_promises_db, minmay_lair_entry_lava,
          orc_0_dummy, serial_rivers, chequers_serial_rivers_small_3,
          chequers_serial_rivers_large_b, chequers_serial_rivers_micro_e,
          chequers_serial_rivers_small_b, minmay_fractal_squares_gapless_7,
          uniq_prince_ribbit1, uniq_amaemon

Skill      XL: |  1  2  3  4  5  6  7  8  9 |
---------------+----------------------------+-----
Armour         | 4 5 6 8 |  8.2
Axes           | 3 4 6 7 9 |  9.0
Fighting       | 4 5 6 |  6.1
Shields        | 5 6 7 |  7.1

Action                     |  1- 3 |  4- 6 |  7- 9 || total
---------------------------+-------+-------+-------++-------
  Melee: War axe           |    80 |   113 |   237 ||   430
 Invoke: Reject Sacrifices |       |     1 |       ||     1
         Sacrifice Arcana  |       |       |     1 ||     1
Ability: Dig               |       |       |     1 ||     1
         Shaft Self        |       |       |     1 ||     1
    Use: Scroll            |       |     9 |     8 ||    17
         Potion            |       |       |     1 ||     1
 Armour: Scale mail        |    44 |    40 |    67 ||   151
         Chain mail        |       |       |    12 ||    12
  Dodge: Dodged            |    50 |    56 |    98 ||   204
  Block: Buckler           |    23 |    30 |    96 ||   149
